 Dungeon Crawl Stone Soup version 0.19-a0-1216-g363869b (webtiles) character file.

219614 Murumi the Bringer of Life (level 19, 0/152 HPs)
             Began as a Formicid Fighter on Aug 7, 2016.
             Was the Champion of Elyvilon.
             Slain by an entropy weaver (17 damage)
             ... on level 4 of the Spider Nest on Aug 23, 2016.
             The game lasted 04:19:18 (46305 turns).

Murumi the Bringer of Life (Formicid Fighter)      Turns: 46305, Time: 04:19:21

Health: 0/152      AC: -4    Str: 31    XL:     19   Next: 90%
Magic:  30/30      EV: 13    Int: 12    God:    Elyvilon [******]
Gold:   1662       SH: 15    Dex: 10    Spells: 0 memorised, 18 levels left

rFire  . . .     SeeInvis +     e - +4 scimitar (flame)
rCold  . . .     Gourm    +     y - +7 plate armour "Alashrif" {rN+ SInv}
rNeg   + . .     Faith    .     m - +0 shield {reflect}
rPois  +         Spirit   .     (helmet unavailable)
rElec  .         Dismiss  .     W - +2 cloak {MR+}
rCorr  .         Reflect  +     B - +2 pair of gloves {Str+3}
MR     ++...     Harm     .     g - +0 pair of boots
Stlth  ..........               a - amulet of the gourmand
                                D - +3 ring of strength
                                V - ring of poison resistance

@: corroded
A: permanent stasis, dig shafts and tunnels, four strong arms, antennae 3
a: Dig, Shaft Self, Lesser Healing, Heal Other, Purification, Greater Healing,
Divine Vigour, Divine Protection, Renounce Religion
}: 1/15 runes: decaying


You were on level 4 of the Spider Nest.
You worshipped Elyvilon.
Elyvilon was exalted by your worship.
You were completely stuffed.

You visited 6 branches of the dungeon, and saw 32 of its levels.
You visited the Abyss 1 time.
You also visited: Sewer.

You collected 3249 gold pieces.
You spent 1587 gold pieces at shops.

Inventory:

Hand Weapons
 e - a +4 scimitar of flaming (weapon)
 r - a +0 arbalest
Missiles
 b - 238 bolts
Armour
 g - a +0 pair of boots (worn)
 m - a +0 shield of reflection (worn)
 y - the +7 plate armour "Alashrif" (worn) {rN+ SInv}
   (You bought it in a shop on level 6 of the Dungeon)

   It protects you from negative energy.
   It lets you see invisible.
 B - a +2 pair of gloves of strength (worn)
 W - a +2 cloak of magic resistance (worn)
Rods
 v - a +0 rod of ignition (16/16)
   (You found it on level 4 of the Dungeon)
Jewellery
 a - an amulet of the gourmand (around neck)
 o - an uncursed ring of flight
 D - a +3 ring of strength (right hand)
 J - an uncursed ring of protection from cold
 R - a +5 amulet of reflection
 V - a ring of poison resistance (left hand)
 Z - an uncursed amulet of guardian spirit
Wands
 H - a wand of confusion (32/48)
 K - a wand of confusion (33/48)
 M - a wand of acid (5/15)
 U - a wand of lightning (4/15)
 X - a wand of acid (5/15)
Scrolls
 k - 6 scrolls of enchant weapon
 s - 3 scrolls of fear
 F - 2 scrolls of fog
 G - a scroll of magic mapping
 L - 12 scrolls of identify
 O - 8 scrolls of remove curse
 P - a scroll of enchant armour
Potions
 d - a potion of might
 h - 11 potions of curing
 j - 9 potions of flight
 l - 3 potions of magic
 p - 13 potions of heal wounds
 t - 4 potions of brilliance
 w - 3 potions of cure mutation
 x - 2 potions of resistance
 A - 2 potions of invisibility
 S - 2 potions of lignification
 Y - 2 potions of agility
Miscellaneous
 c - a phantom mirror
 i - a lamp of fire (inert)
 u - a disc of storms
 Q - a phial of floods (inert)
Comestibles
 f - 19 bread rations
 n - 17 beef jerkies
 q - 49 fruits
 z - a royal jelly
 E - 3 slices of pizza
 I - 10 meat rations


   Skills:
 - Level 14.0 Fighting
 - Level 12.0 Long Blades
 - Level 12.0 Crossbows
 + Level 13.1 Armour
 - Level 11.1 Dodging
 - Level 15.0 Shields
 - Level 15.0 Invocations
 - Level 13.0 Evocations


You had 18 spell levels left.
You didn't know any spells.

Dungeon Overview and Level Annotations

Branches:
Dungeon (15/15) Temple (1/1) D:6 Lair (6/6) D:9 Swamp (4/4) Lair:2 Spider (4/4) Lair:2 Slime (0/5) Lair:6 Orc (2/2) D:10 Elf (0/3) Orc:2 Vaults (0/5) D:12 D:13 Depths (0/5) D:15

Altars:
Ashenzari
Cheibriados
Dithmenos
Elyvilon
Fedhas
Gozag
Hepliaklqana
Kikubaaqudgha
Makhleb
Nemelex Xobeh
Okawaru
Qazlal
Ru
Sif Muna
Trog
Uskayaw
Vehumet
Xom
Yredelemnul
Zin
The Shining One
Beogh

Shops:
D:6 =[   D:15 }   Orc:2 *([=?

Annotations:
D:8 exclusion: 2 doors
Spider:4 exclusion: 2 doors


Innate Abilities, Weirdness & Mutations

You are under a permanent stasis effect.
You can dig through walls and to a lower floor.
Your four strong arms can wield two-handed weapons with a shield.
You have a pair of large antennae on your head. (SInv)


Message History

Your redback completely misses the entropy weaver.
The entropy weaver hits your redback!
Your redback dies!
Your redback's corpse disappears in a puff of smoke!
Evoke which item? (* to show all) (? for menu, Esc to quit)
Aim the lamp in which direction?
Press: ? - help, Dir - move target cursor, f - entropy weaver
Aim: an entropy weaver (moderately wounded)
The flames dance!
Evoke which item? (* to show all) (? for menu, Esc to quit)
Aim the phial where?
Press: ? - help, Shift-Dir - straight line, p - entropy weaver The wave splashes down.
Splash!
You fall into the shallow water.
Moving in this stuff is going to be slow.
The water rises up and takes form.
The entropy weaver mumbles some strange words.
The entropic weave corrodes you! The entropy weaver hits you!
You die...

##^..###....####.......#..#......
##.≈≈.##≈....# #.......#^........
.##≈≈.###....###.......#........#
.≈.≈≈## ##^..##§§.####.....#....#
.....####..≈##.#§≈≈..........#.^.
#.....≈≈≈...#E##§≈...............
####≈......###^#E≈≈............#.
#...≈.≈## ##a§≈≈............#.
##≈.#.## ##@≈≈....#####...#.
###### #......... ##..##
#........... #### #........#....
#.....%..#.... #......... ...
##......... .. .......


You could see an entropy weaver and 2 friendly water elementals.

Vanquished Creatures
  Mara (Spider:4)
  Arachne (Spider:4)
  Jorgrun (Swamp:2)
  Frances (D:13)
  2 tentacled starspawn (Abyss:1)
  Kirke (Swamp:1)
  4 thorn hunters
  Donald (Swamp:2)
  2 orc warlords
  4 ghost moths (Spider:4)
  6 entropy weavers
  Nessos (D:13)
  Azrael (D:12)
  Josephine (Lair:6)
  20 hydras
  2 ogre magi (D:15)
  2 ghost crabs (Swamp:4)
  Erolcha (D:12)
  A catoblepas (D:13)
  5 centaur warriors
  6 alligators
  A tengu warrior (Swamp:2)
  5 death yaks (Lair:2)
  An orc high priest (Orc:2)
  20 spriggans
  2 wretched stars (Abyss:1)
  Sonja (D:13)
  Urug (D:13)
  5 skeletal warriors (D:13)
  An unseen horror (shapeshifter) (D:15)
  4 unseen horrors
  A giant orange brain (D:15)
  11 swamp dragons
  2 spriggan druids (Swamp:3)
  2 wizards
  4 orc knights
  8 hill giants
  Pikel (D:7)
  3 shambling mangroves
  17 orb spiders
  6 ugly things
  A wolf spider zombie (D:14)
  20 wolf spiders
  A deep elf mage (D:13)
  A frost giant zombie (Abyss:1)
  A sixfirhy (Abyss:1)
  8 elephants
  2 orc sorcerers (Orc:2)
  A worldbinder (Abyss:1)
  2 cyclopes
  A hornet (Spider:3)
  7 griffons
  4 manticores
  A moth of wrath (Spider:1)
  4 black mambas
  Maurice (D:8)
  Psyche (D:9)
  24 spiny frogs
  2 torpor snails
  2 gargoyles
  2 rime drakes
  5 komodo dragons
  18 demonic crawlers
  3 polar bears
  A tengu conjurer (Swamp:2)
  A wind drake (shapeshifter) (D:15)
  19 jumping spiders
  5 trolls
  10 giant leeches
  5 bog bodies
  17 blink frogs
  13 slime creatures
  5 two-headed ogres
  A black mamba zombie (Abyss:1)
  4 boulder beetles
  A shadow (Swamp:1)
  A centaur simulacrum (D:15)
  29 tarantellas
  93 redbacks
  16 humans
  2 vampires
  2 wraiths (D:13)
  Eustachio (D:4)
  A golden eye (shapeshifter) (D:14)
  4 wyverns
  2 ynoxinuls (Abyss:1)
  A hog (shapeshifter) (D:13)
  53 yaks
  3 hogs (Swamp:1)
  2 golden eyes (Abyss:1)
  4 basilisks
  5 large abominations (D:11)
  A fire elemental (D:12)
  32 vampire mosquitoes
  9 hippogriffs
  8 hungry ghosts
  Menkaure (D:7)
  8 wargs
  A mottled dragon (D:13)
  6 insubstantial wisps
  13 swamp worms
  15 water moccasins
  4 hell hounds
  7 porcupines
  5 ice beasts
  14 swamp drakes
  53 orc warriors
  17 wasps
  2 black bears (Lair:6)
  5 sky beasts
  16 ogres
  2 phantoms
  9 small abominations
  3 eyes of draining
  3 boggarts (Lair:6)
  40 wolves
  12 centaurs
  20 crocodiles
  2 big kobolds
  20 giant frogs
  2 wyvern skeletons (D:14)
  4 scorpions
  13 killer bees
  12 howler monkeys
  7 wights
  2 electric eels (Spider:2)
  8 crimson imps
  A howler monkey (shapeshifter) (D:15)
  2 giant frog zombies
  4 centaur skeletons
  4 hounds
  5 giant frog skeletons
  24 orc wizards
  22 orc priests
  A gnoll shaman (D:9)
  17 jellies
  11 iguanas
  Natasha (thrice) (D:2)
  11 worker ants
  A killer bee zombie (D:8)
  10 sheep
  A hound skeleton (D:10)
  A hound zombie (D:8)
  8 gnolls
  2 worker ant zombies
  23 adders
  51 river rats
  4 shadow imps
  4 worms
  A dart slug (D:1)
  4 giant geckos
  146 orcs
  8 giant cockroaches
  4 goblins
  5 hobgoblins
  9 jackals
  2 quokkas
  5 ball pythons
  7 bats
  6 giant newts
  15 kobolds
  7 rats
  A fungus (D:9)
1379 creatures vanquished.

Vanquished Creatures (collateral kills)
  A giant leech (Swamp:3)
1 creature vanquished.

Vanquished Creatures (others)
  A hydra (Lair:6)
  A spriggan berserker (Swamp:4)
  An elephant (Lair:3)
  A spiny frog (Lair:6)
  A bog body (Swamp:1)
  2 redbacks (Spider:4)
  A spriggan (Swamp:4)
  3 wraiths (Lair:6)
  3 humans (Swamp:1)
  A wasp (Swamp:4)
  A sky beast (D:11)
  A slave (D:7)
  A crocodile (Lair:6)
  2 small abominations (Abyss:1)
  23 fungi
  13 plants
  5 starspawn tentacles (Abyss:1)
  A starspawn tentacle segment (Abyss:1)
62 creatures vanquished.

Grand Total: 1442 creatures vanquished

Notes
Turn   | Place    | Note
-------+----------+-------------------------------------------
     0 | D:1      | Murumi the Formicid Fighter began the quest for the Orb.
     0 | D:1      | Reached XP level 1. HP: 18/18 MP: 1/1
   253 | D:1      | Reached skill level 1 in Dodging
   444 | D:1      | Reached XP level 2. HP: 24/24 MP: 2/2
  1013 | D:2      | Noticed Natasha
  1032 | D:2      | Killed Natasha
  1032 | D:2      | Reached XP level 3. HP: 15/29 MP: 3/3
  1367 | D:2      | Reached XP level 4. HP: 31/35 MP: 4/4
  1393 | D:2      | Noticed Natasha
  1406 | D:2      | Killed Natasha
  1681 | D:2      | Noticed Natasha
  1687 | D:2      | Killed Natasha
  1687 | D:2      | Reached XP level 5. HP: 42/42 MP: 5/5
  2182 | D:3      | Found a hazy altar of Hepliaklqana.
  2525 | D:4      | Found a glowing drain.
  2550 | D:4      | Reached skill level 5 in Shields
  2550 | D:4      | Reached XP level 6. HP: 33/48 MP: 6/6
  2568 | Sewer    | Entered a sewer
  3063 | Sewer    | Reached skill level 1 in Evocations
  3137 | Sewer    | Reached XP level 7. HP: 54/54 MP: 6/8
  3216 | Sewer    | HP: 2/54 [poisoned by kobold (curare-tipped needle)]
  3223 | Sewer    | HP: 1/54 [poisoned by kobold (curare-tipped needle)]
  3231 | Sewer    | HP: 1/54 [poisoned by kobold (curare-tipped needle)]
  3634 | D:4      | Found a sacrificial altar of Ru.
  3703 | D:4      | Noticed Eustachio
  3769 | D:4      | Killed Eustachio
  3863 | D:4      | Found an oddly glowing altar of Pakellas.
  3975 | D:4      | Identified a -3 rod of ignition (10/10) (You found it on level 4 of the Dungeon)
  4072 | D:4      | Reached skill level 5 in Evocations
  4636 | D:5      | Entered Level 5 of the Dungeon
  4680 | D:5      | Reached XP level 8. HP: 59/60 MP: 11/11
  5005 | D:5      | Found a shattered altar of Ashenzari.
  5342 | D:5      | Reached skill level 5 in Fighting
  5432 | D:5      | Found a stormy altar of Qazlal.
  5910 | D:6      | Reached skill level 5 in Armour
  5947 | D:6      | Reached XP level 9. HP: 50/68 MP: 12/12
  6085 | D:6      | Found Dofafad's Jewellery Boutique.
  6144 | D:6      | Found Beel's Antique Armour Emporium.
  6154 | D:6      | Bought a cloak for 117 gold pieces
  6154 | D:6      | Bought a pair of glowing gloves for 117 gold pieces
  6316 | D:6      | Found a staircase to the Ecumenical Temple.
  6323 | Temple   | Entered the Ecumenical Temple
  6490 | Temple   | Became a worshipper of Elyvilon the Healer
  6669 | D:6      | Reached skill level 1 in Invocations
  6887 | D:6      | Found a deep blue altar of Sif Muna.
  7208 | D:7      | Found a glowing golden altar of the Shining One.
  7333 | D:7      | Reached skill level 5 in Invocations
  7619 | D:7      | Reached * piety under Elyvilon
  7727 | D:7      | Noticed Pikel
  7743 | D:7      | Killed Pikel
  7743 | D:7      | Reached XP level 10. HP: 75/76 MP: 13/15
  7996 | D:7      | Noticed Menkaure
  7999 | D:7      | Reached skill level 5 in Long Blades
  8002 | D:7      | Killed Menkaure
  8018 | D:7      | Found a bloodstained altar of Trog.
  8018 | D:7      | Found an oddly glowing altar of Pakellas.
  8019 | D:7      | Found an iron altar of Okawaru.
  8283 | D:8      | Noticed Maurice
  8639 | D:8      | Killed Maurice
  9077 | D:8      | Reached ** piety under Elyvilon
  9245 | D:8      | Reached XP level 11. HP: 83/84 MP: 17/17
  9281 | D:8      | Reached skill level 5 in Dodging
 10372 | D:9      | Found a staircase to the Lair.
 10447 | D:9      | Noticed Psyche
 10464 | D:9      | Killed Psyche
 10775 | Lair:1   | Entered Level 1 of the Lair of Beasts
 11498 | Lair:1   | Noticed a four-headed hydra
 11499 | Lair:1   | Pacified a four-headed hydra
 11882 | Lair:2   | Reached *** piety under Elyvilon
 12117 | Lair:2   | Reached XP level 12. HP: 60/92 MP: 18/18
 12496 | Lair:2   | Found a staircase to the Swamp.
 12532 | Lair:2   | Noticed a death yak
 12534 | Lair:2   | Noticed a death yak
 12545 | Lair:2   | Noticed a death yak
 12545 | Lair:2   | Noticed a death yak
 12547 | Lair:2   | Noticed a death yak
 12569 | Lair:2   | Killed a death yak
 12580 | Lair:2   | Killed a death yak
 12610 | Lair:2   | Killed a death yak
 12644 | Lair:2   | Killed a death yak
 12665 | Lair:2   | Killed a death yak
 12960 | Lair:2   | Found a hole to the Spider Nest.
 13301 | Lair:3   | Noticed a seven-headed hydra
 13302 | Lair:3   | Pacified a seven-headed hydra
 13935 | Lair:3   | Reached skill level 10 in Shields
 14126 | Lair:3   | Reached XP level 13. HP: 71/101 MP: 20/20
 14141 | Lair:3   | Reached skill level 10 in Invocations
 15339 | Lair:4   | Reached skill level 10 in Fighting
 15453 | Lair:4   | Found a blossoming altar of Fedhas.
 15645 | Lair:4   | Reached skill level 10 in Armour
 16077 | Lair:4   | Noticed a six-headed hydra
 16078 | Lair:4   | Pacified a six-headed hydra
 16080 | Lair:4   | Noticed a four-headed hydra
 16080 | Lair:4   | Pacified a four-headed hydra
 17196 | Lair:4   | Noticed a six-headed hydra
 17196 | Lair:4   | Pacified a six-headed hydra
 17600 | Lair:5   | Reached skill level 10 in Evocations
 17663 | Lair:5   | Reached XP level 14. HP: 110/110 MP: 22/22
 17841 | Lair:5   | Reached skill level 1 in Crossbows
 19119 | D:10     | Entered Level 10 of the Dungeon
 19508 | D:10     | Reached skill level 5 in Crossbows
 19748 | D:10     | Reached **** piety under Elyvilon
 19913 | D:10     | Found a staircase to the Orcish Mines.
 20112 | Lair:6   | Entered Level 6 of the Lair of Beasts
 20485 | Lair:6   | Found a staircase to the Slime Pits.
 20495 | Lair:6   | Noticed Josephine
 20514 | Lair:6   | Killed Josephine
 23365 | D:6      | Bought a shimmering plate armour for 728 gold pieces
 23376 | D:6      | Identified the +7 plate armour "Alashrif" {rN+ SInv} (You bought it in a shop on level 6 of the Dungeon)
 23616 | D:11     | Reached XP level 15. HP: 115/115 MP: 23/23
 24516 | D:11     | Identified the Almanac of the Nine Planets
 24614 | Orc:1    | Entered Level 1 of the Orcish Mines
 24664 | Orc:1    | Noticed an orc warlord
 24702 | Orc:1    | Killed an orc warlord
 25283 | Orc:2    | Entered Level 2 of the Orcish Mines
 25647 | Orc:2    | Reached ***** piety under Elyvilon
 25660 | Orc:2    | Found Atumn's Magic Scroll Shoppe.
 25684 | Orc:2    | Found a roughly hewn altar of Beogh.
 25854 | Orc:2    | Found a roughly hewn altar of Beogh.
 26150 | Orc:2    | Found a staircase to the Elven Halls.
 26193 | Orc:2    | Found a roughly hewn altar of Beogh.
 26251 | Orc:2    | Found a roughly hewn altar of Beogh.
 26361 | Orc:2    | Found a roughly hewn altar of Beogh.
 26389 | Orc:2    | Found Atsi's Jewellery Shop.
 26400 | Orc:2    | Bought a +5 amulet of reflection for 375 gold pieces
 26565 | Orc:2    | Found a roughly hewn altar of Beogh.
 26568 | Orc:2    | Found Tievviam's Assorted Antiques.
 26579 | Orc:2    | Bought a runed cabochon ring for 115 gold pieces
 26706 | Orc:2    | Noticed an orc warlord
 26908 | Orc:2    | Killed an orc warlord
 27219 | Orc:2    | Found Wofac's Antique Weapon Emporium.
 27224 | Orc:2    | Found a roughly hewn altar of Beogh.
 27234 | Orc:2    | Found Duenapyt's Antique Armour Shoppe.
 27252 | Orc:2    | Bought a shiny shield for 135 gold pieces
 27867 | D:12     | Noticed Erolcha
 27871 | D:12     | Killed Erolcha
 28401 | D:13     | Found a gate to the Vaults.
 28401 | D:13     | Noticed Urug
 28401 | D:13     | Noticed Nessos
 28401 | D:13     | Noticed Azrael
 28453 | D:12     | Killed Azrael
 28608 | D:13     | Noticed Sonja
 28650 | D:13     | Reached skill level 10 in Long Blades
 28678 | D:13     | Cast into level 1 of the Abyss (Sonja)
 28957 | Abyss:1  | Noticed a tentacled starspawn
 28981 | Abyss:1  | Killed a tentacled starspawn
 28981 | Abyss:1  | Reached XP level 16. HP: 36/100 MP: 17/20
 29317 | Abyss:1  | Noticed a tentacled starspawn
 29327 | Abyss:1  | Killed a tentacled starspawn
 29473 | D:13     | Escaped the Abyss
 29477 | D:13     | Killed Sonja
 29534 | D:13     | Noticed Frances
 29539 | D:13     | Killed Frances
 29978 | D:13     | Reached skill level 10 in Crossbows
 30155 | D:13     | Killed Urug
 30418 | D:13     | Killed Nessos
 31370 | D:14     | Found a blossoming altar of Fedhas.
 31898 | D:15     | Entered Level 15 of the Dungeon
 32348 | D:15     | Found Naut's Quality Used Wands.
 32359 | D:15     | Reached XP level 17. HP: 133/133 MP: 26/26
 33046 | D:15     | Found a staircase to the Depths.
 33095 | D:15     | Upgraded the game from 0.19-a0-1090-g3c1ee9c to 0.19-a0-1200-g056e253
 33295 | Swamp:1  | Entered Level 1 of the Swamp
 33449 | Swamp:1  | Noticed Kirke
 33467 | Swamp:1  | Noticed a sphinx
 33476 | Swamp:1  | Killed Kirke
 33570 | Swamp:1  | Reached ****** piety under Elyvilon
 34132 | Swamp:2  | Noticed a thorn hunter
 34267 | Swamp:2  | Noticed Donald
 34311 | Swamp:2  | Killed Donald
 34332 | Swamp:2  | Killed a thorn hunter
 34335 | Swamp:2  | Noticed a thorn hunter
 34343 | Swamp:2  | Killed a thorn hunter
 34343 | Swamp:2  | Reached skill level 10 in Dodging
 34707 | Swamp:2  | Noticed Jorgrun
 34743 | Swamp:2  | Killed Jorgrun
 36021 | Swamp:3  | Found a shattered altar of Ashenzari.
 36159 | Swamp:3  | Noticed a thorn hunter
 36171 | Swamp:3  | Killed a thorn hunter
 37135 | Swamp:4  | Entered Level 4 of the Swamp
 37381 | Swamp:4  | Reached XP level 18. HP: 140/140 MP: 28/28
 38712 | Swamp:4  | Reached skill level 15 in Invocations
 39640 | Swamp:4  | Got a decaying rune of Zot
 39948 | Spider:1 | Entered Level 1 of the Spider Nest
 42602 | Spider:2 | Reached skill level 15 in Shields
 43198 | Spider:3 | Reached XP level 19. HP: 149/149 MP: 30/30
 44215 | Spider:3 | Upgraded the game from 0.19-a0-1200-g056e253 to 0.19-a0-1216-g363869b
 44592 | Spider:4 | Entered Level 4 of the Spider Nest
 44861 | Spider:4 | Noticed Arachne
 44890 | Spider:4 | Killed Arachne
 45313 | Spider:4 | Noticed Mara
 45362 | Spider:4 | Killed Mara
 46305 | Spider:4 | Slain by an entropy weaver

Vault maps used:
D:1:      erik_arrival_triangle_large, serial_glass, glass_columns_a,
          glass_columns_b, minmay_strange_pillars, feat_on_display
D:2:      first_bread, uniq_natasha
D:3:      overflow_temple_1_default, dk_vineyard_1
D:4:      nicolae_ru_great_annihilating_truth, gup_sewer_entry_glass,
          grunt_pakellas_mercury, uniq_eustachio
D:5:      lemuel_doored_altar, cheibrodos_ashenzari_chains
D:6:      lemuel_round_altar, serial_shops, nicolae_shop_crystal,
          nicolae_shop_waterfront
D:7:      nicolae_overflow_crystal_walls, minitemple, grunt_ogre_cave,
          uniq_menkaure, uniq_pikel
D:8:      kennysheep_big_flooded_room, special_room, uniq_maurice
D:9:      dpeg_oklobed_lair, kennysheep_generic_room_7, uniq_psyche
D:10:     david_orc_4
D:11:     laboratory
D:12:     grunt_ministairs_8, st_stairs_13, uniq_erolcha
D:13:     david_vaults_3, special_room, uniq_azrael, uniq_frances, uniq_sonja
D:14:     minmay_holes, fedhas_altar_1
D:15:     gammafunk_enter_depths_forms, nrook_mini_vaults,
          nicolae_for_you_no_charge
Temple:   nicolae_temple_figure_eight
Lair:2:   minmay_swamp_entry_reptiles, dummy_spider_entry, lemuel_fruit_fields,
          grunt_megastairs_3
Lair:3:   grunt_megastairs_5, serial_bayou_shore_a
Lair:4:   basic_altar, lemuel_fruit_tree
Lair:5:   serial_bayou_shore_b, serial_bayou_shore_b
Lair:6:   minmay_lair_end_enchanted_forest, minmay_slime_entry_jelly_boxes,
          lemuel_fruit_fields, uniq_josephine
Swamp:1:  serial_swamp_ruin, evilmike_swamp_ruin_house_3,
          evilmike_swamp_ruin_house_6, evilmike_swamp_ruin_rubble_1,
          swamp_pool1, statue_in_the_mist_lemuel, uniq_kirke
Swamp:2:  nicolae_swamp_fairy_circle, kb_tengu_band, uniq_jorgrun, uniq_donald
Swamp:3:  basic_altar, infiniplex_staircase_pool_2
Swamp:4:  swamp_basic_johnstein, swamp_pool1
Spider:4: spider_rune_water, uniq_mara, uniq_arachne
Orc:2:    grunt_orc_community_town_hall, grunt_orc_community_big_house_2,
          grunt_orc_community_big_house_2, grunt_orc_community_house_2,
          grunt_orc_community_house_2, grunt_orc_community_house_3,
          grunt_orc_community_house_3, serial_shops, shop
Sewer:    sewer_co_15_rooms

Skill      XL: |  1  2  3  4  5  6  7  8  9 10 11 12 13 14 15 16 17 18 19 |
---------------+----------------------------------------------------------+-----
Dodging        | 1 2 4 5 6 7 8 9 10 11 | 11.1
Shields        | 4 5 6 7 8 9 10 11 12 13 14 15 | 15.0
Long Blades    | 3 4 6 7 8 9 10 11 12 | 12.0
Fighting       | 4 5 6 7 8 9 10 11 12 13 14 | 14.0
Armour         | 4 5 7 8 9 10 11 12 13 | 13.1
Evocations     | 2 5 6 8 9 10 11 12 13 | 13.0
Invocations    | 7 8 9 11 12 13 14 15 | 15.0
Crossbows      | 9 10 11 12 | 12.0

Action                   |  1- 3 |  4- 6 |  7- 9 | 10-12 | 13-15 | 16-18 | 19-21 || total
-------------------------+-------+-------+-------+-------+-------+-------+-------++-------
Melee: Long sword        |    79 |   237 |   473 |  1149 |  2255 |       |       ||  4193
       Scimitar          |       |       |       |       |   728 |  2237 |   788 ||  3753
 Fire: Hand crossbow     |       |       |       |       |     2 |       |       ||     2
       Arbalest          |       |       |       |       |    19 |    69 |    42 ||   130
Invok: Heal Other        |       |       |       |     5 |    11 |       |       ||    16
       Lesser Healing    |       |       |       |    27 |    22 |       |     4 ||    53
       Greater Healing   |       |       |       |       |     2 |    14 |     3 ||    19
 Abil: Dig               |       |       |     6 |    11 |    36 |    15 |    12 ||    80
       Evoke Flight      |       |       |     1 |       |       |       |       ||     1
Evoke: Wand              |       |       |       |       |       |     2 |       ||     2
       Phial of floods   |       |       |       |       |       |     1 |     1 ||     2
       Lamp of fire      |       |       |       |       |       |     1 |     1 ||     2
       Sack of spiders   |       |       |       |       |       |       |     2 ||     2
       Disc of storms    |       |       |       |       |       |       |     1 ||     1
  Use: Scroll            |     5 |     6 |    15 |     5 |     7 |     3 |     3 ||    44
       Potion            |       |       |       |     3 |     2 |     5 |     3 ||    13
 Stab: Invisible         |       |       |     1 |       |       |       |       ||     1
       Distracted        |       |       |       |       |     1 |       |       ||     1
  Eat: Chunk             |     1 |    20 |    16 |    38 |    65 |    69 |    18 ||   227
       Fruit             |       |       |       |     7 |       |       |       ||     7
Armor: Scale mail        |     8 |       |       |       |       |       |       ||     8
       Plate armour      |    25 |   111 |   175 |   294 |   883 |   953 |   357 ||  2798
       Skin              |       |       |       |    35 |       |    20 |       ||    55
Dodge: Dodged            |    19 |    59 |    95 |   224 |   696 |   719 |   286 ||  2098
Block: Shield            |    28 |   105 |   175 |   508 |  1332 |  1269 |   511 ||  3928
       Reflection        |       |       |       |       |       |       |     2 ||     2
